| TOP OF THE 1ST |
|
Hickory Crawdads batting - Pitching for Delmarva Shorebirds : RHP Steve Webb
|
|
Pitching: RHP Steve Webb
|
|
|
Batting: RHB Roberto Rodriguez
|
0-0: Ball 1-0: Called Strike 1-1: Ground out 6-3 (Groundball, 6, EV 86.2 MPH)
|
|
Batting: RHB Danny Weisse
|
0-0: Ball 1-0: Foul Ball, location: 2F 1-1: Ground out 5-3 (Groundball, 56, EV 83.1 MPH)
|
|
Batting: RHB Mike Thornton
|
0-0: Ball 1-0: Called Strike 1-1: Ball 2-1: Foul Ball, location: 2F 2-2: Foul Ball, location: 2F 2-2: Fly out, F8 (Flyball, 8LS, EV 83.1 MPH)
|
| Top of the 1st over - 0 runs, 0 hits, 0 errors, 0 left on base; Hickory 0 - Delmarva 0 |
| BOTTOM OF THE 1ST |
|
Delmarva Shorebirds batting - Pitching for Hickory Crawdads : LHP Cooper Bate
|
|
Pitching: LHP Cooper Bate
|
|
|
Batting: RHB Kevin Popowicz
|
0-0: Ball 1-0: Swinging Strike 1-1: Ball 2-1: Foul Ball, location: 2F 2-2: Strikes out swinging
|
|
Batting: RHB Ethan Finke
|
0-0: Ball 1-0: Ground out 5-3 (Groundball, 56D, EV 93.8 MPH)
|
|
Batting: RHB Maup Gommers
|
0-0: Ball 1-0: SINGLE (Groundball, 5D, EV 108.8 MPH)
|
|
Batting: RHB Mike Pitts
|
0-0: Called Strike 0-1: Swinging Strike 0-2: Strikes out swinging
|
| Bottom of the 1st over - 0 runs, 1 hit, 0 errors, 1 left on base; Hickory 0 - Delmarva 0 |
| TOP OF THE 2ND |
|
Hickory Crawdads batting - Pitching for Delmarva Shorebirds : RHP Steve Webb
|
|
Batting: RHB Dermott Neill
|
0-0: Called Strike 0-1: Swinging Strike 0-2: Ground out 6-3 (Groundball, 6D, EV 96.2 MPH)
|
|
Batting: SHB Todd Hewitt
|
0-0: Fly out, F7 (Line Drive, 7S, EV 88.1 MPH)
|
|
Batting: RHB Danny Murillo
|
0-0: Ball 1-0: Swinging Strike 1-1: Ball 2-1: Foul Ball, location: 2F 2-2: Ball 3-2: Strikes out looking
|
| Top of the 2nd over - 0 runs, 0 hits, 0 errors, 0 left on base; Hickory 0 - Delmarva 0 |
| BOTTOM OF THE 2ND |
|
Delmarva Shorebirds batting - Pitching for Hickory Crawdads : LHP Cooper Bate
|
|
Batting: SHB Carlos Carrillo
|
0-0: SINGLE (Line Drive, 89M, EV 105.0 MPH)
|
|
Batting: LHB Sam Williams
|
0-0: Foul Ball, location: 2F 0-1: Ball 1-1: Ball 2-1: Swinging Strike 2-2: Strikes out looking
|
|
Batting: SHB Eric Kelley
|
0-0: Swinging Strike 0-1: Ball 1-1: Grounds into double play, 4-6-3 (Groundball, 4, EV 86.9 MPH)
|
| Bottom of the 2nd over - 0 runs, 1 hit, 0 errors, 0 left on base; Hickory 0 - Delmarva 0 |
| TOP OF THE 3RD |
|
Hickory Crawdads batting - Pitching for Delmarva Shorebirds : RHP Steve Webb
|
|
Batting: RHB Shoh Tanioka
|
0-0: Foul Ball, location: 2F 0-1: Foul Ball, location: 2F 0-2: Strikes out swinging
|
|
Batting: RHB Darnell Jones
|
0-0: Foul Ball, location: 2F 0-1: Called Strike 0-2: Ball 1-2: Ball 2-2: Ball 3-2: Strikes out swinging
|
|
Batting: RHB Jose Pineda
|
0-0: Ground out 4-3 (Groundball, 4, EV 89.4 MPH)
|
| Top of the 3rd over - 0 runs, 0 hits, 0 errors, 0 left on base; Hickory 0 - Delmarva 0 |
| BOTTOM OF THE 3RD |
|
Delmarva Shorebirds batting - Pitching for Hickory Crawdads : LHP Cooper Bate
|
|
Batting: LHB Vinny Rivera
|
0-0: Ball 1-0: Foul Ball, location: 2F 1-1: Ball 2-1: Ground out 4-3 (Groundball, 34, EV 99.4 MPH)
|
|
Batting: RHB C.J. Wells
|
0-0: Ball 1-0: Ball 2-0: Called Strike 2-1: Foul Ball, location: 2F 2-2: Hit by Pitch
|
|
Batting: RHB Kevin Popowicz
|
0-0: Fielders Choice at 2nd, 2-6 (Groundball, 2R, EV 67.5 MPH)
|
|
Batting: RHB Ethan Finke
|
0-0: Ball 1-0: Ball Kevin Popowicz steals 2nd base 2-0: Ball 3-0: Called Strike 3-1: Ground out 4-3 (Groundball, 4S, EV 86.9 MPH)
|
| Bottom of the 3rd over - 0 runs, 0 hits, 0 errors, 1 left on base; Hickory 0 - Delmarva 0 |
| TOP OF THE 4TH |
|
Hickory Crawdads batting - Pitching for Delmarva Shorebirds : RHP Steve Webb
|
|
Batting: RHB Roberto Rodriguez
|
0-0: Called Strike 0-1: Fly out, F5 (Popup, 56, EV 60.0 MPH)
|
|
Batting: RHB Danny Weisse
|
0-0: Foul Ball, location: 2F 0-1: Ball 1-1: Ball 2-1: SINGLE (Groundball, 6M, EV 103.1 MPH) (infield hit)
|
|
Batting: RHB Mike Thornton
|
0-0: Called Strike 0-1: Foul Ball, location: 2F 0-2: Ball 1-2: Foul Ball, location: 2F 1-2: Foul Ball, location: 2F 1-2: SINGLE (Groundball, 56D, EV 100.6 MPH) Danny Weisse to second
|
|
Batting: RHB Dermott Neill
|
0-0: Called Strike 0-1: Ball 1-1: Foul Ball, location: 2F 1-2: Foul Ball, location: 2F 1-2: Ball 2-2: Strikes out swinging
|
|
Batting: SHB Todd Hewitt
|
0-0: Ball 1-0: Reached on error, E6 (Groundball, 56D, EV 108.8 MPH) Danny Weisse to third Mike Thornton to second
|
|
Batting: RHB Danny Murillo
|
0-0: Ball 1-0: Foul Ball, location: 2F 1-1: Fielders Choice at 2nd, 6-4 (Groundball, 6, EV 91.2 MPH)
|
| Top of the 4th over - 0 runs, 2 hits, 1 error, 3 left on base; Hickory 0 - Delmarva 0 |
| BOTTOM OF THE 4TH |
|
Delmarva Shorebirds batting - Pitching for Hickory Crawdads : LHP Cooper Bate
|
|
Batting: RHB Maup Gommers
|
0-0: Ball 1-0: Fly out, F9 (Flyball, 9LS, EV 80.6 MPH)
|
|
Batting: RHB Mike Pitts
|
0-0: Ball 1-0: SINGLE (Groundball, 4D, EV 110.0 MPH)
|
|
Batting: SHB Carlos Carrillo
|
0-0: Ball 1-0: Ball 2-0: Foul Ball, location: 2F 2-1: Foul Ball, location: 2F 2-2: Strikes out swinging
|
|
Batting: LHB Sam Williams
|
0-0: Foul Ball, location: 2F 0-1: Ground out 4-3 (Groundball, 34S, EV 86.2 MPH)
|
| Bottom of the 4th over - 0 runs, 1 hit, 0 errors, 1 left on base; Hickory 0 - Delmarva 0 |
| TOP OF THE 5TH |
|
Hickory Crawdads batting - Pitching for Delmarva Shorebirds : RHP Steve Webb
|
|
Batting: RHB Shoh Tanioka
|
0-0: SINGLE (Groundball, 6MS, EV 71.9 MPH) (infield hit)
|
|
Batting: RHB Darnell Jones
|
0-0: Ball 1-0: Called Strike 1-1: Foul Ball, location: 2F 1-2: Strikes out swinging
|
|
Batting: RHB Jose Pineda
|
0-0: Ball 1-0: Ball 2-0: Foul Ball, location: 2F 2-1: Ball 3-1: Called Strike 3-2: SINGLE (Groundball, 56, EV 103.1 MPH) (infield hit) Shoh Tanioka to second
|
|
Batting: RHB Roberto Rodriguez
|
0-0: Ball 1-0: Ball 2-0: Ball 3-0: Called Strike 3-1: Grounds into double play, 4-6-3 (Groundball, 4, EV 83.8 MPH)
|
| Top of the 5th over - 0 runs, 2 hits, 0 errors, 1 left on base; Hickory 0 - Delmarva 0 |
| BOTTOM OF THE 5TH |
|
Delmarva Shorebirds batting - Pitching for Hickory Crawdads : LHP Cooper Bate
|
|
Batting: SHB Eric Kelley
|
0-0: Called Strike 0-1: Swinging Strike 0-2: Ball 1-2: Ball 2-2: Ground out 3-1 (Groundball, 34, EV 105.0 MPH)
|
|
Batting: LHB Vinny Rivera
|
0-0: Foul Ball, location: 2F 0-1: Ball 1-1: Swinging Strike 1-2: Ball 2-2: Foul Ball, location: 2F 2-2: Ball 3-2: Foul Ball, location: 2F 3-2: Fly out, F5 (Popup, 56, EV 70.6 MPH)
|
|
Batting: RHB C.J. Wells
|
0-0: Foul Ball, location: 2F 0-1: SINGLE (Line Drive, 6D, EV 99.4 MPH)
|
|
Batting: RHB Kevin Popowicz
|
0-0: Fly out, F7 (Flyball, 78S, EV 84.4 MPH)
|
| Bottom of the 5th over - 0 runs, 1 hit, 0 errors, 1 left on base; Hickory 0 - Delmarva 0 |
| TOP OF THE 6TH |
|
Hickory Crawdads batting - Pitching for Delmarva Shorebirds : RHP Steve Webb
|
|
Batting: RHB Danny Weisse
|
0-0: Ball 1-0: Called Strike 1-1: Swinging Strike 1-2: Ball 2-2: Ball 3-2: Base on Balls
|
|
Batting: RHB Mike Thornton
|
0-0: Called Strike Danny Weisse is caught stealing 2nd base 2-4 0-1: Fly out, F5 (Line Drive, 5, EV 71.9 MPH)
|
|
Batting: RHB Dermott Neill
|
0-0: Ball 1-0: Ground out 6-3 (Groundball, 6, EV 100.0 MPH)
|
| Top of the 6th over - 0 runs, 0 hits, 0 errors, 0 left on base; Hickory 0 - Delmarva 0 |
| BOTTOM OF THE 6TH |
|
Delmarva Shorebirds batting - Pitching for Hickory Crawdads : LHP Cooper Bate
|
|
Batting: RHB Ethan Finke
|
0-0: Foul Ball, location: 2F 0-1: Called Strike 0-2: Foul Ball, location: 2F 0-2: Foul Ball, location: 2F 0-2: Ball 1-2: Ball 2-2: Ball 3-2: Fly out, F7 (Flyball, 78S, EV 90.0 MPH)
|
|
Batting: RHB Maup Gommers
|
0-0: Called Strike 0-1: Ball 1-1: Swinging Strike 1-2: Ball 2-2: Ball 3-2: Base on Balls
|
|
Batting: RHB Mike Pitts
|
0-0: Foul Ball, location: 2F 0-1: Swinging Strike 0-2: Ball 1-2: Ball 2-2: Ball Passed Ball! Maup Gommers to second 3-2: Foul Ball, location: 2F 3-2: Foul Ball, location: 2F 3-2: Base on Balls
|
|
Batting: SHB Carlos Carrillo
|
0-0: Ball 1-0: Swinging Strike 1-1: Foul Ball, location: 2F 1-2: Ball 2-2: Ball 3-2: Foul Ball, location: 2F 3-2: Grounds into double play, 4-6-3 (Groundball, 4, EV 108.8 MPH)
|
| Bottom of the 6th over - 0 runs, 0 hits, 0 errors, 1 left on base; Hickory 0 - Delmarva 0 |
| TOP OF THE 7TH |
|
Hickory Crawdads batting - Pitching for Delmarva Shorebirds : RHP Steve Webb
|
|
Batting: SHB Todd Hewitt
|
0-0: Ball 1-0: Called Strike 1-1: Ball 2-1: Called Strike 2-2: SINGLE (Groundball, 25, EV 68.1 MPH) (infield hit)
|
|
Batting: RHB Danny Murillo
|
0-0: Ball Todd Hewitt steals 2nd base 1-0: Foul Ball, location: 2F 1-1: Swinging Strike 1-2: Ball 2-2: Foul Ball, location: 2F 2-2: Strikes out swinging
|
|
Pitching: LHP Justin Hinton
|
|
|
Batting: RHB Shoh Tanioka
|
0-0: Ball 1-0: Foul Ball, location: 2F 1-1: Swinging Strike 1-2: Fly out, F8 (Line Drive, 8RD, EV 91.9 MPH) Runner from 2nd tags up, SAFE at 3rd with throw by CF
|
|
Batting: RHB Darnell Jones
|
0-0: Ball 1-0: Ball 2-0: Called Strike 2-1: DOUBLE (Line Drive, 8RXD, EV 106.2 MPH) Todd Hewitt scores
|
|
Batting: RHB Jose Pineda
|
0-0: Foul Ball, location: 2F 0-1: Called Strike 0-2: Strikes out looking
|
| Top of the 7th over - 1 run, 2 hits, 0 errors, 1 left on base; Hickory 1 - Delmarva 0 |
| BOTTOM OF THE 7TH |
|
Delmarva Shorebirds batting - Pitching for Hickory Crawdads : LHP Cooper Bate
|
|
Batting: LHB Sam Williams
|
0-0: Ball 1-0: Ball 2-0: Ball 3-0: Foul Ball, location: 2F 3-1: Foul Ball, location: 2F 3-2: Fly out, F9 (Flyball, 9, EV 85.0 MPH)
|
|
Batting: SHB Eric Kelley
|
0-0: Called Strike 0-1: Foul Ball, location: 2F 0-2: Fly out, F8 (Flyball, 8LXD, EV 86.2 MPH)
|
|
Batting: LHB Vinny Rivera
|
0-0: Ball 1-0: Called Strike 1-1: Ball 2-1: Called Strike 2-2: Ball 3-2: Ground out 6-3 (Groundball, 6S, EV 88.1 MPH)
|
| Bottom of the 7th over - 0 runs, 0 hits, 0 errors, 0 left on base; Hickory 1 - Delmarva 0 |
| TOP OF THE 8TH |
|
Hickory Crawdads batting - Pitching for Delmarva Shorebirds : LHP Justin Hinton
|
|
Batting: RHB Roberto Rodriguez
|
0-0: Ball 1-0: Ball 2-0: Called Strike 2-1: Foul Ball, location: 2F 2-2: Ball 3-2: Foul Ball, location: 2F 3-2: Foul Ball, location: 2F 3-2: Foul Ball, location: 2F 3-2: Ground out 5-3 (Groundball, 56S, EV 91.9 MPH)
|
|
Batting: RHB Danny Weisse
|
0-0: Called Strike 0-1: Ball 1-1: Swinging Strike 1-2: Ground out 6-3 (Groundball, 6, EV 103.8 MPH)
|
|
Batting: RHB Mike Thornton
|
0-0: Foul Ball, location: 2F 0-1: Ball 1-1: Ground out 5-3 (Groundball, 56S, EV 87.5 MPH)
|
| Top of the 8th over - 0 runs, 0 hits, 0 errors, 0 left on base; Hickory 1 - Delmarva 0 |
| BOTTOM OF THE 8TH |
|
Delmarva Shorebirds batting - Pitching for Hickory Crawdads : LHP Cooper Bate
|
|
Pitching: LHP Francisco Rivas
|
|
|
Batting: RHB C.J. Wells
|
0-0: Called Strike 0-1: Swinging Strike 0-2: Hit by Pitch
|
|
Batting: RHB Kevin Popowicz
|
0-0: Swinging Strike 0-1: Ball 1-1: Swinging Strike 1-2: Strikes out swinging
|
|
Batting: RHB Ethan Finke
|
0-0: Called Strike 0-1: Ball 1-1: Called Strike 1-2: Strikes out swinging
|
|
Batting: RHB Maup Gommers
|
0-0: Ball 1-0: Ball 2-0: Swinging Strike 2-1: Swinging Strike 2-2: Ball 3-2: Strikes out swinging
|
| Bottom of the 8th over - 0 runs, 0 hits, 0 errors, 1 left on base; Hickory 1 - Delmarva 0 |
| TOP OF THE 9TH |
|
Hickory Crawdads batting - Pitching for Delmarva Shorebirds : LHP Justin Hinton
|
|
Pitching: RHP Joe Underhill
|
|
|
Pinch Hitting: LHB Alfonso Collazo
|
0-0: Foul Ball, location: 2F 0-1: Fly out, F8 (Flyball, 78D, EV 87.5 MPH)
|
|
Batting: SHB Todd Hewitt
|
0-0: SINGLE (Line Drive, 5D, EV 102.5 MPH)
|
|
Batting: RHB Danny Murillo
|
0-0: Foul Ball, location: 2F 0-1: Called Strike 0-2: Foul Ball, location: 2F 0-2: Foul Ball, location: 2F 0-2: Ball 1-2: Ball 2-2: Ball 3-2: Foul Ball, location: 2F 3-2: Strikes out looking Todd Hewitt steals 2nd base Batter strikes out.
|
|
Pinch Hitting: LHB Matt Sigurdson
|
0-0: Called Strike 0-1: Ball 1-1: Ball 2-1: Called Strike 2-2: Ball 3-2: Base on Balls
|
|
Batting: RHB Darnell Jones
|
0-0: Ground out 4-3 (Groundball, 4, EV 82.5 MPH)
|
| Top of the 9th over - 0 runs, 1 hit, 0 errors, 2 left on base; Hickory 1 - Delmarva 0 |
| BOTTOM OF THE 9TH |
|
Delmarva Shorebirds batting - Pitching for Hickory Crawdads : LHP Francisco Rivas
|
|
Pitching: LHP Harry Tuckfard
|
|
|
Now at 1B: Aaron Graham
|
|
|
Now at 2B: Eduardo Chavez
|
|
|
Now at 3B: Jose Pineda
|
|
|
Batting: RHB Mike Pitts
|
0-0: Ball 1-0: Ball 2-0: Ball 3-0: Called Strike 3-1: Base on Balls
|
|
Batting: SHB Carlos Carrillo
|
0-0: Ball 1-0: Grounds into double play, 6-4-3 (Groundball, 6M, EV 108.1 MPH)
|
|
Batting: RHB Chris McGuirk
|
0-0: Ball 1-0: Called Strike 1-1: Ground out 4-3 (Groundball, 34, EV 85.0 MPH)
|
| Bottom of the 9th over - 0 runs, 0 hits, 0 errors, 0 left on base; Hickory 1 - Delmarva 0 |
|